 Dungeon Crawl Stone Soup version 0.28-a0-872-g80cf8599ee (webtiles) character file.

Game seed: 9987093232016526849

100 Zonian the Chiller (level 4, -8/31 HPs)
             Began as a Demonspawn Ice Elementalist on Nov 20, 2021.
             Was a Follower of Ru.
             Mangled by Grinder (10 damage)
             ... while paralysed by Grinder
             ... on level 3 of the Dungeon.
             The game lasted 00:08:44 (4199 turns).

Zonian the Chiller (Demonspawn Ice Elementalist)    Turns: 4199, Time: 00:08:45

Health: -8/31      AC:  3    Str:  9    XL:     4   Next: 47%
Magic:  3/8        EV:  2    Int: 16    God:    Ru [*.....]
Gold:   85         SH:  0    Dex: 14    Spells: 7/8 levels left

rFire   . . .      SeeInvis .   d - +0 dagger
rCold   . . .      Faith    .   (no shield)
rNeg    . . .      Spirit   .   a - +1 robe
rPois   .          Reflect  .   (no helmet)
rElec   .          Harm     .   (no cloak)
rCorr   .          Rampage  .   (no gloves)
Will    .....                   (no boots)
Stlth   ++........              (no amulet)
HPRegen 0.10/turn               (no ring)
MPRegen 0.11/turn               (no ring)

@: paralysed, hasted
A: foul stench 1, reduced EV 1, demonic touch 1
a: Renounce Religion


You were on level 3 of the Dungeon.
You worshipped Ru.
Ru was aware of your devotion.
You visited 1 branch of the dungeon, and saw 3 of its levels.

You collected 85 gold pieces.

Inventory:

Hand Weapons
 d - a +0 dagger (weapon)
 h - a +0 vampiric spear
Missiles
 i - 6 javelins
 l - 17 poisoned darts
Armour
 a - a +1 robe (worn)
Scrolls
 b - 2 scrolls of identify {unknown}
 c - 3 scrolls of amnesia {unknown}
 f - a scroll of holy word {unknown}
 j - 3 scrolls of vulnerability {unknown}
Potions
 e - a potion of might {unknown}
 g - a potion of lignification {unknown}
 k - a potion of haste


   Skills:
 + Level 0.6 Fighting
 + Level 0.3 Short Blades
 + Level 2.1 Dodging
 + Level 2.2 Stealth
 + Level 0.6 Unarmed Combat
 + Level 2.7 Spellcasting
 + Level 4.4 Ice Magic


You had 7 spell levels left.
You knew the following spells:

 Your Spells              Type           Power      Damage    Failure   Level
a - Freeze                Ice            64%        1d8       3%          1

Your spell library contained the following spells:

 Spells                   Type           Power      Damage    Failure   Level
 Frozen Ramparts          Ice            32%        1d5       10%         3
 Ozocubu's Armour         Ice            16%        N/A       10%         3
 Magic Dart               Conj           8%         1d3       19%         1
 Call Imp                 Summ           2%         N/A       28%         2
 Mephitic Cloud           Conj/Pois/Air  2%         N/A       50%         3
 Hailstorm                Conj/Ice       9%         3d4       61%         4


Dungeon Overview and Level Annotations

Branches:
Dungeon (3/15)

Altars:
Ru
Uskayaw
Vehumet

Annotations:
D:2 Sigmund
D:3 Grinder


Innate Abilities, Weirdness & Mutations

You may rarely emit foul miasma when damaged in melee.
You have somewhat slow reflexes. (EV -5)
Your touch may inflict minor irresistible damage on your foes.


Message History

Confirm with . or Enter, or press ? or * to list all spells.
Aiming: Freeze (safe; 3% risk of failure)
Press: ? - help, Shift-Dir - straight line, f/p - Grinder
Aim: Grinder, carrying a wand of digging (5) (foul pestilence, lightly wounded)
You freeze Grinder.
Grinder resists.
Grinder is lightly wounded.
Grinder blinks!
Unknown command.
A goblin comes into view. It is wielding a +0 club.
Grinder says, "Tell me all your secrets, or I'll kill you."
Unknown command.
Casting: Freeze (safe; 3% risk of failure)
Confirm with . or Enter, or press ? or * to list all spells.
Aiming: Freeze (safe; 3% risk of failure)
Press: ? - help, Shift-Dir - straight line, f/p - Grinder
Aim: Grinder, carrying a wand of digging (5) (lightly wounded)
You freeze Grinder.
Grinder resists.
Grinder is lightly wounded.
Grinder hits you.
You writhe in agony.
Unknown command.
Casting: Freeze (safe; 3% risk of failure)
Confirm with . or Enter, or press ? or * to list all spells.
Aiming: Freeze (safe; 3% risk of failure)
Press: ? - help, Shift-Dir - straight line, f/p - Grinder
Aim: Grinder, carrying a wand of digging (5) (lightly wounded)
You freeze Grinder but do no damage.
Grinder completely resists.
Grinder hits you.
You writhe in agony.
* * * LOW HITPOINT WARNING * * *
Unknown command.
It was a potion of haste.
You feel yourself speed up.
The goblin shouts!
Grinder gestures at you. Pain shoots through your body!
* * * LOW HITPOINT WARNING * * *
There is an open door here.
Grinder gestures at you.
You suddenly lose the ability to move!
Grinder says, "Mostly I couldn't keep them alive."
Grinder hits you!
You die...

...#..#.......#..#.#
##.'..'###'###'..'†#
#.#..#.+...'.#..#.#
#.#..#.#...#.#..#.#
#.+##'.#._.#.+##+.#
#.#..#.#...#.#..###
#.#..#.+...+.#..##########
#.+..'###+###+..5..g......
#.#..#.......#.@#.........
#.#..#.......#..#.........
#.###'###'###'####.#######
#.....# #.###.# #.#
####### #.##..####.#
#..........# #####.####.#
#.# ### #.#


You could see Grinder and a goblin.

Vanquished Creatures
  2 gnolls (D:1)
  3 adders
  A worm (D:3)
  A dart slug (D:1)
  2 ball pythons
  5 endoplasms
  A giant cockroach (D:3)
  3 goblins
  3 hobgoblins (D:1)
  5 jackals (D:1)
  A kobold (D:3)
  7 quokkas
  3 bats
  3 frilled lizards
  8 rats
48 creatures vanquished.

Vanquished Creatures (others)
  A plant (D:2)
1 creature vanquished.

Grand Total: 49 creatures vanquished

Notes
Turn   | Place    | Note
-------+----------+-------------------------------------------
     0 | D:1      | Zonian the Demonspawn Ice Elementalist began the quest for
                  | the Orb.
     0 | D:1      | Reached XP level 1. HP: 13/13 MP: 3/3
   293 | D:1      | Gained mutation: Your touch may inflict minor irresistible
                  | damage on your foes. [demonic ancestry]
   293 | D:1      | Reached XP level 2. HP: 18/19 MP: 3/5
   351 | D:1      | Found a faded altar of an unknown god.
   362 | D:1      | Reached skill level 4 in Ice Magic
   547 | D:1      | Prayed at the altar of an unknown god.
   547 | D:1      | Became a worshipper of Ru the Awakened
   557 | D:1      | Gained mutation: You have somewhat slow reflexes. (EV -5)
                  | [Ru sacrifice]
   557 | D:1      | Reached * piety under Ru
  1231 | D:1      | Reached XP level 3. HP: 6/24 MP: 3/6
  2119 | D:2      | Noticed Sigmund
  2792 | D:3      | Gained mutation: You may rarely emit foul miasma when
                  | damaged in melee. [demonic ancestry]
  2792 | D:3      | Reached XP level 4. HP: 31/31 MP: 7/7
  2889 | D:3      | Found a hide-covered altar of Uskayaw.
  4015 | D:3      | Found a radiant altar of Vehumet.
  4183 | D:3      | Noticed Grinder
  4196 | D:3      | Paralysed by Grinder for 4 turns
  4199 | D:3      | Mangled by Grinder

Illustrated notes

Levels and vault maps discovered:
D:1:      minmay_arrival_widening_spiral_wide, layout_loops_ring,
          hellmonk_ecumenical_altar_pennies_from_heaven
D:2:      layout_loops_ring, serial_forest, infiniplex_forest_end_2,
          infiniplex_forest_clump_diagonal, infiniplex_forest_zigzag_2,
          infiniplex_forest_corner_1, infiniplex_forest_clump_long,
          infiniplex_forest_straight_1, kennysheep_small_spiral, uniq_sigmund
D:3:      layout_basic, mainiacjoe_overflow_cross_hatched,
          nicolae_overflow_hidden_temple, mainiacjoe_overflow_24_doors,
          st_stairs_12, uniq_grinder

Skill      XL: |  1  2  3 |
---------------+----------+-----
Ice Magic      | 4 |  4.4
Dodging        | 2 |  2.1
Stealth        | 2 |  2.2
Fighting       | |  0.6
Short Blades   | |  0.3
Unarmed Combat | |  0.6
Spellcasting   | |  2.7

Action                   |  1- 3 |  4- 6 || total
-------------------------+-------+-------++-------
Melee: Unarmed           |    23 |       ||    23
       Dagger            |    47 |    40 ||    87
       Touch             |    17 |     8 ||    25
 Cast: Freeze            |    24 |    20 ||    44
Invok: Sacrifice Health  |     1 |       ||     1
  Use: Scroll            |     1 |       ||     1
       Potion            |       |     1 ||     1
 Stab: Sleeping          |     6 |     1 ||     7
Armor: Robe              |    27 |    14 ||    41
Dodge: Dodged            |    36 |    18 ||    54

Table legend: (Time is in decaauts)
 A = Elapsed time spent in this place.
 B = Non-inter-level travel time spent in this place.
 C = Inter-level travel time spent in this place.
 D = Time resting spent in this place.
 E = Time spent auto-exploring this place.
 F = Levels seen in this place.
 G = Mean time per level.
                   A        B        C        D        E       F      G
               +--------+--------+--------+--------+--------+-----+--------+
         Total |   4201 |   4146 |     55 |   1331 |   1950 |   3 | 1400.3 |
       Dungeon |   4201 |   4146 |     55 |   1331 |   1950 |   3 | 1400.3 |
               +--------+--------+--------+--------+--------+-----+--------+

Top non-repeatable levels by time:
     D:1: 1851 daAuts
     D:2: 1381 daAuts
     D:3: 969 daAuts
